 Dungeon Crawl Stone Soup version 0.20-a0-544-g2b9a704 (webtiles) character file.

138 HallandMoats the Skirmisher (level 5, -1/41 HPs)
             Began as a Mummy Monk on Feb 1, 2017.
             Slain by an orc wizard
             ... wielding a +0 dagger
              (6 damage)
             ... on level 3 of the Dungeon.
             The game lasted 00:04:33 (3445 turns).

HallandMoats the Skirmisher (Mummy Monk)            Turns: 3445, Time: 00:04:34

Health: -1/41      AC:  4    Str: 14    XL:     5   Next: 1%
Magic:  5/5        EV: 12    Int:  9    God:
Gold:   92         SH:  3    Dex: 16    Spells: 4/4 levels left

rFire    x . .     SeeInvis .   b - +1 dagger (speed)
rCold    + + .     Gourm    .   k - +1 robe {rC+}
rNeg     + + +     Faith    .   n - +0 buckler
rPois    ∞         Spirit   .   l - +0 helmet
rElec    .         Reflect  .   (no cloak)
rCorr    .         Harm     .   (no gloves)
MR       .....                  (no boots)
Stlth    ++........             m - amulet of magic regeneration
Regen    0.2/turn               (no ring)
                                (no ring)

@: no status effects
A: no food or potions, fire vulnerability, cold resistance 1, negative energy
resistance 3, torment resistance, unbreathing
a: no special abilities


You were on level 3 of the Dungeon.
You were not hungry.

You visited 1 branch of the dungeon, and saw 3 of its levels.

You collected 92 gold pieces.

Inventory:

Hand Weapons
 a - a +0 short sword
 b - a +1 dagger of speed (weapon)
Armour
 k - a +1 robe of cold resistance (worn)
 l - a +0 helmet (worn)
 n - a +0 buckler (worn)
Jewellery
 m - an amulet of magic regeneration (around neck)
Scrolls
 c - 4 scrolls of remove curse {unknown}
 d - a scroll of teleportation {unknown}
 e - a scroll of blinking {unknown}
 f - a scroll of fog {unknown}
 g - 2 scrolls of magic mapping {unknown}
 h - a scroll of amnesia {unknown}
 i - 4 scrolls of identify {unknown}
 j - a scroll of random uselessness {unknown}


   Skills:
 + Level 3.6 Fighting
 * Level 3.6 Short Blades
 - Level 2.4 Dodging
 * Level 3.0 Stealth


You had 4 spell levels left.
You didn't know any spells.

Dungeon Overview and Level Annotations

Branches:
Dungeon (3/15)

Altars:
Qazlal


Innate Abilities, Weirdness & Mutations

You do not eat or drink.
Your flesh is vulnerable to fire.
You are immune to poison.
Your flesh is cold resistant. (rC+)
You are immune to negative energy. (rN+++)
You are immune to unholy pain and torment.
You can survive without breathing.


Message History

Your shield prevents you from hitting something.
You miss something.
You hear some strange, mumbled words.
A magic dart appears from out of thin air!
The magic dart hits you!
You miss something. Something hits you.
* * * LOW HITPOINT WARNING * * *
The orc priest looks braver for a moment.
You barely miss something.
You hear some strange, mumbled words.
A magic dart appears from out of thin air!
The magic dart hits you!
* * * LOW HITPOINT WARNING * * *
You hit something. Something hits you but does no damage.
An orc comes into view. It is wielding a short sword.
You miss something. Something hits you but does no damage.
The orc shouts!
You hit something. You barely miss something. Something hits you.
You die...

### #.. #o# #o#
#o# #{# #@# #.#
#.# #.# ##+##
#.### ##...##
#.>.## ##.....#
###..## ##.......
##...####........
#..!....'........


You could see an orc priest and 2 orcs.

Vanquished Creatures
  A hound skeleton (D:3)
  5 adders (D:2)
  3 worms
  2 dart slugs
  2 leopard geckos (D:2)
  2 orcs (D:3)
  2 giant cockroaches
  2 goblins
  9 hobgoblins
  5 jackals (D:3)
  6 bats
  7 frilled lizards
  12 kobolds
  8 rats
66 creatures vanquished.

Notes
Turn   | Place    | Note
-------+----------+-------------------------------------------
     0 | D:1      | HallandMoats the Mummy Monk began the quest for the Orb.
     0 | D:1      | Reached XP level 1. HP: 18/18 MP: 1/1
   359 | D:1      | Reached XP level 2. HP: 24/24 MP: 2/2
  1283 | D:2      | Reached XP level 3. HP: 24/29 MP: 3/3
  1343 | D:2      | Found a stormy altar of Qazlal.
  1344 | D:2      | Noticed an earth elemental
  1350 | D:2      | Noticed an air elemental
  1359 | D:2      | Noticed a fire elemental
  1359 | D:2      | Noticed a water elemental
  1868 | D:2      | Reached XP level 4. HP: 31/35 MP: 4/4
  3423 | D:3      | Reached XP level 5. HP: 34/41 MP: 5/5
  3445 | D:3      | Slain by an orc wizard

Vault maps used:
D:1:      ncdulo_smallfort
D:2:      first_bread, hex_tiny, nicolae_qazlal_style_of_elements

Skill      XL: |  1  2  3  4 |
---------------+-------------+-----
Stealth        | 2 3 |  3.0
Short Blades   | 3 |  3.6
Fighting       | |  3.6
Dodging        | |  2.4

Action                   |  1- 3 |  4- 6 || total
-------------------------+-------+-------++-------
Melee: Short sword       |   152 |    49 ||   201
       Dagger            |       |   141 ||   141
 Stab: Sleeping          |     4 |     7 ||    11
Armor: Robe              |    47 |    24 ||    71
Dodge: Dodged            |   129 |    59 ||   188
Block: Buckler           |       |     3 ||     3
